 Dungeon Crawl Stone Soup version 0.13-a0-2060-gccfd96d (webtiles) character file.

185 M4edhros the Charlatan (level 4, 0/29 HPs)
             Began as an Octopode Artificer on June 26, 2013.
             Slain by a bat (1 damage)
             ... on Level 2 of the Dungeon.
             The game lasted 00:02:18 (1904 turns).

M4edhros the Charlatan (Octopode Artificer)         Turns: 1904, Time: 00:02:18

HP   0/29        AC  1     Str 10      XL: 4   Next: 77%
MP   2/2         EV 10     Int 20      God:
Gold 83          SH 13     Dex 12      Spells:  0 memorised,  3 levels left

Res.Fire  : . . .   See Invis. : .   g - +2 dagger (antimagic)
Res.Cold  : . . .   Warding    : .   t - +0 shield
Life Prot.: . . .   Conserve   : .   (helmet restricted)
Res.Poison: .       Res.Corr.  : .   (no amulet)
Res.Elec. : .       Clarity    : .   (no ring)
Sust.Abil.: . .     Spirit.Shd : .   (no ring)
Res.Mut.  : .       Stasis     : .   (no ring)
Res.Rott. : .       Flight     : .   (no ring)
Saprovore : . . .                    (no ring)
                                     (no ring)
                                     (no ring)
                                     (no ring)

@: brilliant, very slightly contaminated, hasted, very quick, slightly resistant
to hostile enchantments, quite stealthy
A: almost no armour, amphibious, 8 rings, constrict 8, camouflage 1, AC +1
a: no special abilities


You were on level 2 of the Dungeon.
You were very hungry.

You visited 1 branch of the dungeon, and saw 2 of its levels.

You collected 63 gold pieces.

Inventory:

Hand weapons
 a - a +0,+0 short sword
 g - a +2,+2 anti-magic dagger (weapon)
Armour
 t - a +0 shield (worn)
Magical devices
 b - a wand of flame (15)
 c - a wand of enslavement (12)
 d - a wand of random effects (15)
 r - a wand of slowing (12)
Comestibles
 f - a bread ration
 q - a meat ration
Scrolls
 h - a scroll of noise {unknown}
 i - a scroll of enchant weapon II {unknown}
 j - 2 scrolls of remove curse {unknown}
 k - 2 scrolls of identify {unknown}
 l - a scroll of enchant armour {unknown}
 o - a scroll of curse jewellery {unknown}
 p - a scroll of curse weapon {unknown}
 s - a scroll of fear {unknown}
Potions
 m - a potion of brilliance


   Skills:
 - Level 1.1 Fighting
 - Level 1.6 Short Blades
 + Level 3.2 Dodging
 + Level 2.6 Stealth
 + Level 0.6 Shields
 - Level 2.4 Traps
 - Level 4.2 Evocations


You had 3 spell levels left.
You didn't know any spells.

Dungeon Overview and Level Annotations

Branches:
Dungeon (2/27)

Altars:


Innate Abilities, Weirdness & Mutations

You cannot wear most types of armour.
You are amphibious.
You can wear up to eight rings at the same time.
You can use your tentacles to constrict many enemies at once.
Your skin changes colour to match your surroundings (Stlth).
Your rubbery body absorbs attacks (AC +1).


Message History

Your bat closely misses the bat.
You block the bat's attack.
You hit the bat.
You kill the bat!
The bat hits you.
* * * LOW HITPOINT WARNING * * *
Your bat hits the bat but does no damage.
Your bat hits the bat. You hit the bat.
You kill the bat!
The bat hits you but does no damage.
Your bat misses the bat.
Your shield prevents you from hitting the bat.
Your grab misses the bat.
The bat is severely wounded.
The bat hits you but does no damage. You block the bat's attack.
Your bat barely misses the bat.
It hits the bat but does no damage.
The bat completely misses your bat.
You closely miss the bat. You grab the bat.
The bat is severely wounded.
You constrict the bat. The bat hits you.
You die...

. ###.#### . ....
#... #.. ### ....#
#.## #..###.. ....
##....#.# ...#
####.?.....####....#
#...............b.#
##...######..b###b#
#....#....%%...b@.#
#....#....%...#####
#....#....%...#
#....#....'...#
#....######..##
#..#........##
#..##......####
..............#####.
.#########...........


You could see 2 bats and 2 friendly bats.

Vanquished Creatures
  Ijyb (D:2)
  2 adders (D:2)
  A giant mite (D:1)
  A worm (D:2)
  2 giant geckos (D:1)
  An ooze (D:2)
  2 giant cockroaches
  5 goblins (D:1)
  2 hobgoblins
  3 jackals (D:1)
  6 kobolds (D:1)
  17 bats
  2 giant newts (D:1)
  5 rats
50 creatures vanquished.

Notes
Turn   | Place    | Note
--------------------------------------------------------------
     0 | D:1      | M4edhros, the Octopode Artificer, began the quest for the Orb.
     0 | D:1      | Reached XP level 1. HP: 14/14 MP: 1/1
    52 | D:1      | Reached XP level 2. HP: 4/19 MP: 0/3
   530 | D:1      | Reached skill level 4 in Evocations
   928 | D:1      | Reached XP level 3. HP: 22/24 MP: 1/5
  1403 | D:2      | Noticed Ijyb
  1408 | D:2      | Killed Ijyb
  1408 | D:2      | Reached XP level 4. HP: 22/29 MP: 2/6
  1900 | D:2      | HP: 1/29 [bat (1)]
  1904 | D:2      | Slain by a bat

Action                   |  1- 3 |  4- 6 || total
-------------------------+-------+-------++-------
Melee: Short sword       |    14 |       ||    14
       Dagger            |    66 |    50 ||   116
Evoke: Wand              |       |     3 ||     3
  Use: Potion            |       |     3 ||     3
 Stab: Sleeping          |       |     3 ||     3
